 Seeded DCSS version 0.30.1-5-ged363bc7ee (webtiles) character file.

Game seed: 920673320228942481 (custom seed)

3 Psyclone the Conjurer (level 1, 10/10 HPs)
             Began as a Deep Elf Conjurer on Sept 19, 2023.
             Quit the game on level 1 of the Dungeon.
             The game lasted 00:00:57 (71 turns).

Psyclone the Conjurer (Deep Elf Conjurer)             Turns: 71, Time: 00:00:58

Health: 10/10      AC:  2    Str:  4    XL:     1   Next: 41%
Magic:  6/6        EV: 12    Int: 22    God:
Gold:   946        SH:  0    Dex: 13    Spells: 5/6 levels left

rFire   . . .        (no weapon)
rCold   . . .        (no shield)
rNeg    . . .        a - +0 robe
rPois   .            (no helmet)
rElec   .            (no cloak)
rCorr   .            (no gloves)
SInv    .            (no boots)
Will    .....        (no amulet)
Stlth   ++           (no ring)
HPRegen 0.21/turn    (no ring)
MPRegen 0.10/turn

%: no passive effects
@: no status effects
A: no striking features
a: no special abilities


You were on level 1 of the Dungeon.
You visited 1 branch of the dungeon, and saw 1 of its levels.

You collected 946 gold pieces.

Inventory:

Armour
 a - a +0 robe (worn)
Potions
 b - a potion of magic


   Skills:
 + Level 2.5 Dodging
 + Level 2.5 Stealth
 + Level 3.1 Spellcasting
 + Level 4.4 Conjurations


You had 5 spell levels left.
You knew the following spells:

 Your Spells              Type           Power      Damage    Failure   Level
a - Magic Dart            Conj           88%        1d7       1%          1

Your spell library contained the following spells:

 Spells                   Type           Power      Damage    Failure   Level
 Searing Ray              Conj           44%        2d6       3%          2
 Dazzling Flash           Conj/Hex       26%        N/A       14%         3
 Fulminant Prism          Conj/Hex       6%         3d7       43%         4
 Iskenderun's Mystic Bla  Conj/Tloc      13%        2d5       43%         4


Dungeon Overview and Level Annotations

Branches:
Dungeon (1/15) Zot: 5929

Altars:


Message History

Aiming: Magic Dart (safe; 1% risk of failure)
Press: ? - help, Shift-Dir - straight line, f/p - dart slug
Aim: a dart slug (severely wounded, 100% to hit)
The magic dart hits the dart slug.
You kill the dart slug!
You now have 4/6 mp.
MP restored: 6 You open the door.
There is an open door here.
A ball python comes into view.
The ball python hisses angrily.
The ball python closely misses you. The ball python barely misses you.
Casting: Magic Dart (safe; 1% risk of failure)
Confirm with . or Enter, or press ? or * to list all spells.
Aiming: Magic Dart (safe; 1% risk of failure)
Press: ? - help, Shift-Dir - straight line, f - ball python
Aim: a ball python (100% to hit)
The magic dart hits the ball python!
You kill the ball python!
You now have 5/6 mp.
Casting: Magic Dart (safe; 1% risk of failure)
Confirm with . or Enter, or press ? or * to list all spells.
You can't see any susceptible monsters within range! (Use Z to cast anyway.) Unknown command.
You open the door.
Found 13 gold pieces.
Found 3 scrolls labelled NOEDYA EDEF.
There is an open door here.
Found a stone staircase leading down.
MP restored: 6
Found a hand axe.
c - 3 scrolls labelled NOEDYA EDEF This is a scroll of acquirement!
Something appears at your feet! Something appears at your feet!
Something appears at your feet!
You now have 946 gold pieces.
Things that are here:
the +0 hat of Lugonu's Condemnation {Dex+4}; the +10 rapier of Obsession {vamp, rF+++ rN+++ Str-2 Dex-4}
Okay, then.
Are you sure you want to abandon this character and quit the game? (Confirm with "yes".)

####### ... #..... ..#.
#.... ....####... #....
... ...###.# #...#.#
##+#$#.#@#####. #######
#....#.........)
......#.#.....#.######.#
...##.#.#...#....#
....#.#.##'#####..#
......#.##.######..#
....###.##........>#
###.###..............
#.#.....###########


There were no monsters in sight!

Vanquished Creatures
  A dart slug (D:1)
  A ball python (D:1)
2 creatures vanquished.

Notes
Turn   | Place    | Note
-------+----------+-------------------------------------------
     0 | D:1      | Psyclone the Deep Elf Conjurer began the quest for the Orb.
     0 | D:1      | Reached XP level 1. HP: 10/10 MP: 6/6
    65 | D:1      | Identified 3 scrolls of acquirement
    65 | D:1      | Acquired the +10 rapier of Obsession {vamp, rF+++ rN+++
                  | Str-2 Dex-4}
    66 | D:1      | Acquired 946 gold pieces
    67 | D:1      | Acquired the +0 hat of Lugonu's Condemnation {Dex+4}
    71 | D:1      | Quit the game

Illustrated notes

Levels and vault maps discovered:
D:1:      dpeg_arrival_orchard, layout_basic

Action                     || total
---------------------------++-------
   Cast: Magic Dart        ||     3
    Use: Scroll            ||     3
  Dodge: Dodged            ||     3
